 Dungeon Crawl Stone Soup version 0.17.1-1-g73c8601 (webtiles) character file.

891 shmeve the Shield-Bearer (level 8, -4/64 HPs)
             Began as a Formicid Fighter on Apr 18, 2016.
             Slain by a killer bee (6 damage)
             ... on level 5 of the Dungeon.
             The game lasted 00:07:23 (4464 turns).

shmeve the Shield-Bearer (Formicid Fighter)         Turns: 4464, Time: 00:07:24

Health: -4/64      AC:  9    Str: 23    XL:     8   Next: 27%
Magic:  8/8        EV:  8    Int:  8    God:
Gold:   223        SH: 10    Dex: 10    Spells: 0 memorised, 7 levels left

rFire  . . .     SeeInvis +     a - +0 war axe
rCold  . . .     Clarity  .     z - +0 chain mail {rPois}
rNeg   . . .     SustAt   .     c - +0 shield
rPois  +         Gourm    .     (helmet unavailable)
rElec  .         Spirit   .     (no cloak)
rCorr  .         Warding  .     (no gloves)
rMut   .         Stasis   +     (no boots)
MR     .....                    (no amulet)
Stlth  ..........               (no ring)
                                (no ring)

@: lethally poisoned (-4 -> -17), not resistant to hostile enchantments,
extremely unstealthy
A: permanent stasis, dig shafts and tunnels, four strong arms, antennae 3
a: Dig, Shaft Self


You were on level 5 of the Dungeon.
You were hungry.

You visited 1 branch of the dungeon, and saw 5 of its levels.

You collected 223 gold pieces.

Inventory:

Hand Weapons
 a - a +0 war axe (weapon)
Missiles
 g - 27 bolts
Armour
 c - a +0 shield (worn)
 r - a +0 pair of boots
 z - a +0 chain mail of poison resistance (worn)
Scrolls
 d - a scroll of immolation {unknown}
 h - 3 scrolls of identify {unknown}
 i - 2 scrolls of noise {unknown}
 k - a scroll of teleportation {unknown}
 l - 2 scrolls of fear {unknown}
 m - 2 scrolls of enchant armour {unknown}
 p - a scroll of remove curse {unknown}
 q - 2 scrolls of random uselessness {unknown}
 v - a scroll of blinking {unknown}
 y - 2 scrolls of recharging {unknown}
Potions
 f - a potion of agility {unknown}
 j - 2 potions of invisibility {unknown}
 o - 2 potions of curing {unknown}
 s - a potion of ambrosia {unknown}
 u - a potion of flight {unknown}
 x - a potion of brilliance {unknown}
Comestibles
 b - 3 fruits
 e - 3 bread rations
 n - 2 beef jerkies
 t - 2 meat rations


   Skills:
 * Level 5.7 Fighting
 * Level 4.8 Axes
 + Level 4.9 Armour
 + Level 2.4 Dodging
 * Level 6.4 Shields


You had 7 spell levels left.
You didn't know any spells.

Dungeon Overview and Level Annotations

Branches:
Dungeon (5/15)
 Temple: D:4-7

Altars:
Qazlal
Beogh


Innate Abilities, Weirdness & Mutations

You are under a permanent stasis effect.
You can dig through walls and to a lower floor.
Your four strong arms can wield two-handed weapons with a shield.
You have a pair of large antennae on your head (SInv).


Message History

You block the killer bee's attack. x2
The killer bee stings you but does no damage.
You hit the killer bee.
The killer bee is almost dead.
You hit the killer bee.
You kill the killer bee!
You closely miss the killer bee. You miss the killer bee.
The killer bee is severely wounded.
The killer bee stings you.
* * * LOW HITPOINT WARNING * * *
You block the killer bee's attack. The killer bee stings you!
* * * LOW HITPOINT WARNING * * *
You are poisoned.
The killer bee poisons you! You block the killer bee's attack.
The killer bee stings you!
* * * LOW HITPOINT WARNING * * *
You are more poisoned.
The killer bee poisons you! The killer bee closely misses you.
The killer bee stings you.
You die...

.... ... #.. ##.. ##..##
###....## ###.yyy...#
###....@....##
###.......y....##
.#...............##
..................##
.#.................##
#..................##
#............#......##
##.[.........#.......#####
#............#.......#...


You could see 4 killer bees.

Vanquished Creatures
  Sigmund (D:3)
  An orc warrior (D:4)
  A killer bee (D:5)
  8 orc wizards (D:4)
  3 orc priests (D:4)
  A worker ant (D:4)
  Robin (D:2)
  6 gnolls
  5 adders
  An ooze (D:1)
  An adder skeleton (D:4)
  2 worms
  4 giant geckos
  8 orcs
  3 ball pythons
  10 giant cockroaches
  11 goblins
  11 hobgoblins
  3 jackals (D:2)
  7 bats
  3 giant newts
  10 kobolds
  A quokka skeleton (D:5)
  9 rats
111 creatures vanquished.

Notes
Turn   | Place    | Note
--------------------------------------------------------------
     0 | D:1      | shmeve the Formicid Fighter began the quest for the Orb.
     0 | D:1      | Reached XP level 1. HP: 18/18 MP: 1/1
   201 | D:1      | Reached XP level 2. HP: 21/24 MP: 2/2
   425 | D:1      | Reached XP level 3. HP: 29/29 MP: 3/3
  1045 | D:2      | Reached skill level 4 in Shields
  1141 | D:2      | Reached XP level 4. HP: 35/37 MP: 4/4
  1245 | D:2      | Noticed Robin
  1251 | D:2      | Reached skill level 1 in Dodging
  1256 | D:2      | Killed Robin
  1540 | D:2      | Reached XP level 5. HP: 14/42 MP: 5/5
  2028 | D:3      | Noticed Sigmund
  2045 | D:3      | Killed Sigmund
  2045 | D:3      | Reached skill level 5 in Shields
  2045 | D:3      | Reached XP level 6. HP: 22/49 MP: 6/6
  2255 | D:3      | Found a stormy altar of Qazlal.
  3131 | D:4      | Reached XP level 7. HP: 50/55 MP: 7/7
  3181 | D:4      | Found a roughly hewn altar of Beogh.
  3190 | D:4      | Reached skill level 5 in Fighting
  3488 | D:4      | Reached skill level 6 in Shields
  3652 | D:4      | Noticed an orc warrior
  3663 | D:4      | Killed an orc warrior
  3668 | D:4      | Reached XP level 8. HP: 23/63 MP: 8/8
  4403 | D:5      | Entered Level 5 of the Dungeon
  4464 | D:5      | HP: 2/64 [killer bee (7)]
  4464 | D:5      | Slain by a killer bee

Action                   |  1- 3 |  4- 6 |  7- 9 || total
-------------------------+-------+-------+-------++-------
Melee: War axe           |    98 |   108 |    99 ||   305
 Abil: Dig               |       |       |     1 ||     1
  Use: Potion            |       |     1 |       ||     1
  Eat: Chunk             |     1 |     6 |     4 ||    11
